 Dungeon Crawl Stone Soup version 0.27.1-4-g1640c2035a (webtiles) character file.

Game seed: 13591067650091959985

1043 unlimited1921 the Vexing (level 8, -4/135 HPs)
             Began as a Gnoll Arcane Marksman on Nov 8, 2021.
             Was an Initiate of Gozag.
             Engulfed by a cloud of flame (9 damage)
             ... on level 5 of the Dungeon.
             The game lasted 00:59:21 (6844 turns).

unlimited1921 the Vexing (Gnoll Arcane Marksman)    Turns: 6844, Time: 00:59:21

Health: -4/135     AC: 24    Str:  9    XL:     8   Next: 25%
Magic:  0/14       EV:  2    Int: 19    God:    Gozag
Gold:   109        SH:  0    Dex: 15    Spells: 5/15 levels left

rFire    . . .     SeeInvis .   a - +0 hand crossbow
rCold    . . .     Faith    .   (no shield)
rNeg     + + +     Spirit   +   (armour currently unavailable)
rPois    +         Reflect  .   (helmet currently unavailable)
rElec    .         Harm     .   (cloak currently unavailable)
rCorr    .         Rampage  .   (gloves currently unavailable)
Will     .....     NoTele   +   (boots currently unavailable)
Stlth    ..........             l - amulet of guardian spirit
HPRegen  0.32/turn              b - +6 ring of intelligence
MPRegen  0.14/turn              (no ring)

@: berserking, tree-form (expiring), gold aura, very quick
A: stationary, stasis, torment immunity, boosted hp, (fangs 1), strong nose,
distributed training
a: Renounce Religion, Potion Petition, Call Merchant, Bribe Branch


You were on level 5 of the Dungeon.
You worshipped Gozag.
Gozag was aware of your devotion.
You were a tree.
You visited 2 branches of the dungeon, and saw 6 of its levels.

You collected 187 gold pieces.
You paid 78 gold pieces to Gozag.

Inventory:

Hand Weapons
 a - a +0 hand crossbow (weapon)
 g - a +0 spear
 j - a +0 whip of electrocution
 k - a +1 dagger of venom
 m - a +0 whip
 o - a +0 whip of venom
 v - a +0 hunting sling
 x - a +0 rapier
Missiles
 c - 9 bolts (quivered ammo)
 i - 105 stones (quivered)
 y - 3 poisoned darts
 z - 40 arrows
Armour
 d - a +0 robe
 F - a +1 leather armour of fire resistance (melded)
Magical Staves
 n - a staff of poison
Jewellery
 b - a +6 ring of intelligence (left branch)
 l - an amulet of guardian spirit (around neck)
Wands
 f - a wand of mindburst (9)
Scrolls
 p - a scroll of vulnerability
 s - a scroll of immolation {unknown}
 u - a scroll of teleportation
 A - a scroll of acquirement
 B - a scroll of enchant armour
Potions
 r - 2 potions of flight
 D - a potion of heal wounds {unknown}


   Skills:
 + Level 4.1 Fighting
 + Level 3.1 Short Blades
 + Level 3.1 Long Blades
 + Level 3.1 Axes
 + Level 3.1 Maces & Flails
 + Level 3.1 Polearms
 + Level 3.1 Staves
 + Level 3.1 Slings
 + Level 3.1 Bows
 + Level 5.6 Crossbows
 + Level 3.1 Throwing
 + Level 3.1 Armour
 + Level 5.6 Dodging
 + Level 3.1 Stealth
 + Level 3.1 Shields
 + Level 3.1 Unarmed Combat
 + Level 4.2 Spellcasting
 + Level 2.5 Conjurations
 + Level 6.0 Hexes
 + Level 2.5 Summonings
 + Level 2.5 Necromancy
 + Level 2.5 Translocations
 + Level 2.5 Transmutations
 + Level 2.5 Fire Magic
 + Level 2.5 Ice Magic
 + Level 2.5 Air Magic
 + Level 2.5 Earth Magic
 + Level 2.5 Poison Magic
 + Level 3.4 Invocations
 + Level 3.1 Evocations


You had 5 spell levels left.
You knew the following spells:

 Your Spells              Type           Power      Damage    Failure   Level
a - Corona                Hex            30%        N/A       1%          1
b - Inner Flame           Hex/Fire       20%        N/A       7%          3
c - Portal Projectile     Hex/Tloc       40%        N/A       7%          3
d - Slow                  Hex            27%        N/A       1%          2
e - Magic Dart            Conj           52%        1d5       4%          1

Your spell library contained the following spells:

 Spells                   Type           Power      Damage    Failure   Level
 Searing Ray              Conj           26%        3d4       7%          2
 Cause Fear               Hex            13%        N/A       11%         4
 Fulminant Prism          Conj/Hex       10%        3d9       22%         4


Dungeon Overview and Level Annotations

Branches:
Dungeon (5/15)             Temple (1/1) D:5

Altars:
Ashenzari
Cheibriados
Dithmenos
Elyvilon
Fedhas
Gozag
Hepliaklqana
Kikubaaqudgha
Nemelex Xobeh
Okawaru
Qazlal
Ru
Sif Muna
Trog
Uskayaw
Vehumet
Wu Jian
Xom
Yredelemnul
Zin
The Shining One

Shops:
D:4 :

Annotations:
D:4 Menkaure


Innate Abilities, Weirdness & Mutations

You are a tree.
Your roots penetrate the ground, keeping you stationary.
You cannot be teleported.
You are immune to unholy pain and torment.
Your maximum health is greatly increased.
Your equipment is partially melded.
((You have very sharp teeth.))
Your uncanny sense of smell can sniff out nearby items.
Your experience applies equally to all skills.


Message History

Aim: a gnoll shaman, wielding a +0 whip and wearing a +0 leather armour (chance to affect: 76%)
The gnoll shaman is filled with an inner flame.
The gnoll completely misses you. The adder bites you but does no damage.
The gnoll hits you from afar with a +0 spear.
The gnoll shaman hits you but does no damage.
Casting: Inner Flame (dangerous; 7% risk of failure)
Confirm with . or Enter, or press ? or * to list all spells.
Aiming: Magic Dart (safe; 4% risk of failure)
Press: ? - help, Shift-Dir - straight line, f/p - gnoll shaman
Aim: a gnoll shaman, wielding a +0 whip and wearing a +0 leather armour (inner flame, 100% to hit)
The magic dart hits the gnoll shaman.
Flame seeps out of the gnoll shaman.
The gnoll shaman is lightly wounded.
The adder bites you but does no damage. The gnoll hits you but does no damage.
The gnoll shaman is engulfed in blazing flames.
Flame seeps out of the gnoll shaman.
The gnoll shaman mumbles some strange prayers to its god.
The gnoll shaman is healed somewhat.
The adder bites you but does no damage.
Casting: Magic Dart (safe; 4% risk of failure)
Confirm with . or Enter, or press ? or * to list all spells.
Aiming: Magic Dart (safe; 4% risk of failure)
Press: ? - help, Shift-Dir - straight line, f/p - gnoll shaman
Aim: a gnoll shaman, wielding a +0 whip and wearing a +0 leather armour (flame, severely wounded, inner flame, 100% to hit)
The magic dart hits the gnoll shaman.
Flame seeps out of the gnoll shaman.
The gnoll shaman is almost dead.
The gnoll hits you but does no damage. x2
The adder bites you but does no damage.
The gnoll shaman is engulfed in blazing flames.
The gnoll shaman explodes!
The fiery explosion engulfs the gnoll!!
You kill the gnoll!
The fiery explosion engulfs you!!
* * * LOW HITPOINT WARNING * * *
You cannot move.
Unknown command.
It was a potion of berserk rage.
A red film seems to cover your vision as you go berserk!
You feel yourself moving faster!
You feel mighty!
You are engulfed in blazing flames.
You die...
Your body crumbles into a pile of gold.

######## .......# ###
######.# ##♣## #.# ##°#S##
#.# ##$###g######## ##.##
#(## ##(......#
####...######.###.######.#
#.....)......#.#h##
#.##.........##S##
##.##.........##.#
..............##.#


You could see a gnoll (fast) and an adder.

Vanquished Creatures
  Pikel (D:5)
  Eustachio (D:4)
  A necrophage (D:5)
  2 phantoms
  A lemure (D:5)
  A howler monkey (D:5)
  A gnoll shaman (D:5)
  A hound skeleton (D:4)
  2 gnolls (D:5)
  4 adders
  A shadow imp (D:3)
  An ufetubus (D:5)
  An adder skeleton (D:4)
  A worm (D:2)
  4 dart slugs
  3 endoplasms (D:1)
  4 giant cockroaches (D:1)
  7 hobgoblins
  5 jackals
  4 ball pythons
  4 bats
  7 frilled lizards
  5 goblins
  3 kobolds
  A quokka skeleton (D:4)
  4 rats
70 creatures vanquished.

Vanquished Creatures (others)
  6 plants (D:4)
6 creatures vanquished.

Grand Total: 76 creatures vanquished

Notes
Turn   | Place    | Note
-------+----------+-------------------------------------------
     0 | D:1      | unlimited1921 the Gnoll Arcane Marksman began the quest for
                  | the Orb.
     0 | D:1      | Reached XP level 1. HP: 17/17 MP: 4/4
   248 | D:1      | Reached XP level 2. HP: 23/23 MP: 1/5
   515 | D:1      | Reached XP level 3. HP: 25/28 MP: 1/7
   613 | D:1      | Found a faded altar of an unknown god.
  1322 | D:2      | Reached skill level 1 in Invocations
  1543 | D:2      | Reached skill level 1 in Short Blades
  1543 | D:2      | Reached skill level 1 in Long Blades
  1543 | D:2      | Reached skill level 1 in Axes
  1543 | D:2      | Reached skill level 1 in Maces & Flails
  1543 | D:2      | Reached skill level 1 in Polearms
  1543 | D:2      | Reached skill level 1 in Staves
  1543 | D:2      | Reached skill level 1 in Slings
  1543 | D:2      | Reached skill level 1 in Bows
  1543 | D:2      | Reached skill level 1 in Throwing
  1543 | D:2      | Reached skill level 1 in Armour
  1543 | D:2      | Reached skill level 1 in Stealth
  1543 | D:2      | Reached skill level 1 in Shields
  1543 | D:2      | Reached skill level 1 in Unarmed Combat
  1543 | D:2      | Reached skill level 1 in Evocations
  1903 | D:3      | Reached XP level 4. HP: 32/34 MP: 5/8
  2782 | D:3      | Reached skill level 1 in Conjurations
  2782 | D:3      | Reached skill level 1 in Summonings
  2782 | D:3      | Reached skill level 1 in Necromancy
  2782 | D:3      | Reached skill level 1 in Translocations
  2782 | D:3      | Reached skill level 1 in Transmutations
  2782 | D:3      | Reached skill level 1 in Fire Magic
  2782 | D:3      | Reached skill level 1 in Ice Magic
  2782 | D:3      | Reached skill level 1 in Air Magic
  2782 | D:3      | Reached skill level 1 in Earth Magic
  2782 | D:3      | Reached skill level 1 in Poison Magic
  3362 | D:4      | Noticed Eustachio
  3632 | D:4      | Found Torghira's Book Shop.
  4057 | D:4      | Killed Eustachio
  4058 | D:4      | Reached XP level 5. HP: 31/41 MP: 6/10
  4058 | D:4      | Reached XP level 6. HP: 36/47 MP: 6/11
  4643 | D:3      | Learned a level 3 spell: Inner Flame
  4647 | D:3      | Learned a level 3 spell: Portal Projectile
  4650 | D:3      | Learned a level 2 spell: Slow
  4652 | D:3      | Learned a level 1 spell: Magic Dart
  5124 | D:3      | Reached skill level 5 in Crossbows
  5124 | D:3      | Reached skill level 5 in Dodging
  5736 | D:4      | Noticed Menkaure
  5764 | D:5      | Entered Level 5 of the Dungeon
  6078 | D:5      | Identified a scroll of acquirement
  6202 | D:5      | Noticed Pikel
  6208 | D:5      | Killed Pikel
  6209 | D:5      | Reached XP level 7. HP: 37/53 MP: 1/13
  6264 | D:5      | Reached skill level 6 in Hexes
  6264 | D:5      | Reached XP level 8. HP: 35/60 MP: 2/14
  6312 | D:5      | Found a staircase to the Ecumenical Temple.
  6323 | Temple   | Entered the Ecumenical Temple
  6417 | Temple   | Became a worshipper of Gozag Ym Sagoz the Greedy
  6843 | D:5      | HP: 3/90 [spore (28)]
  6844 | D:5      | Engulfed by a cloud of flame

Illustrated notes

Levels and vault maps discovered:
D:1:      saegor_arrival_simple_d, layout_rooms,
          hellmonk_ecumenical_altar_leap_of_faith, nrook_mini_vaults,
          minmay_misc_feat_iff
D:2:      layout_basic
D:3:      layout_loops_ring
D:4:      layout_cave_pools, lightli_temple_of_fire, serial_shops, shop,
          minmay_strange_pillars, minmay_lizard_king, uniq_eustachio,
          uniq_menkaure, uniq_edmund
D:5:      layout_loops_ring, minmay_temple_entry_statues_fountains,
          minmay_fire_ice_demons, uniq_crazy_yiuf_cottage, uniq_pikel
Temple:   roderic_octagonal_lattice_temple

Skill      XL: |  1  2  3  4  5  6  7  8 |
---------------+-------------------------+-----
Invocations    | 1 2 3 |  3.4
Short Blades   | 1 2 3 |  3.1
Long Blades    | 1 2 3 |  3.1
Axes           | 1 2 3 |  3.1
Maces & Flails | 1 2 3 |  3.1
Polearms       | 1 2 3 |  3.1
Staves         | 1 2 3 |  3.1
Slings         | 1 2 3 |  3.1
Bows           | 1 2 3 |  3.1
Throwing       | 1 2 3 |  3.1
Armour         | 1 2 3 |  3.1
Stealth        | 1 2 3 |  3.1
Shields        | 1 2 3 |  3.1
Unarmed Combat | 1 2 3 |  3.1
Evocations     | 1 2 3 |  3.1
Spellcasting   | 3 4 |  4.2
Conjurations   | 1 2 |  2.5
Summonings     | 1 2 |  2.5
Necromancy     | 1 2 |  2.5
Translocations | 1 2 |  2.5
Transmutations | 1 2 |  2.5
Fire Magic     | 1 2 |  2.5
Ice Magic      | 1 2 |  2.5
Air Magic      | 1 2 |  2.5
Earth Magic    | 1 2 |  2.5
Poison Magic   | 1 2 |  2.5
Fighting       | 3 4 |  4.1
Crossbows      | 5 |  5.6
Dodging        | 5 |  5.6
Hexes          | 6 |  6.0

Action                   |  1- 3 |  4- 6 |  7- 9 || total
-------------------------+-------+-------+-------++-------
Melee: Dagger            |    13 |    10 |       ||    23
       Bite              |     1 |     7 |     2 ||    10
       Whip              |       |    44 |       ||    44
       Falchion          |       |    23 |       ||    23
       Rapier            |       |     4 |    21 ||    25
 Fire: Hand crossbow     |    61 |    50 |    16 ||   127
Throw: Stone             |       |    44 |    28 ||    72
       Dart              |       |     3 |       ||     3
       Javelin           |       |       |     8 ||     8
 Cast: Corona            |    37 |    34 |     1 ||    72
       Magic Dart        |       |    15 |     4 ||    19
       Inner Flame       |       |     8 |     6 ||    14
       Slow              |       |     6 |     3 ||     9
       Portal Projectile |       |     1 |     3 ||     4
  Use: Potion            |       |     7 |     3 ||    10
       Scroll            |       |     6 |     1 ||     7
Armor: Robe              |     7 |       |       ||     7
       Leather armour    |     4 |    28 |    18 ||    50
       Skin              |       |    28 |    55 ||    83
Dodge: Dodged            |    26 |    95 |    80 ||   201
       Rpst.: Falchion   |       |     2 |       ||     2
